 Dungeon Crawl Stone Soup version 0.30-a0-939-gc8157cb160 (webtiles) character file.

Game seed: 603660942572142794

1 Jeffwins the Conjurer (level 1, 0/18 HPs)
             Began as a Human Wanderer on Mar 26, 2023.
             Slain by a jackal (2 damage)
             ... on level 1 of the Dungeon.
             The game lasted 00:00:31 (124 turns).

Jeffwins the Conjurer (Human Wanderer)               Turns: 124, Time: 00:00:32

Health: 0/18       AC:  2    Str: 12    XL:     1   Next: 22%
Magic:  4/4        EV: 11    Int: 12    God:
Gold:   0          SH:  0    Dex: 12    Spells: 5/6 levels left

rFire   + . .      SeeInvis .    a - staff of fire
rCold   . . .      Faith    .    (no shield)
rNeg    . . .      Spirit   .    c - +0 robe
rPois   .          Reflect  .    (no helmet)
rElec   .          Rampage  .    (no cloak)
rCorr   .                        (no gloves)
Will    .....                    (no boots)
Stlth   +                        (no amulet)
HPRegen 0.23/turn                (no ring)
MPRegen 0.09/turn                (no ring)

@: no status effects
A: no striking features
a: no special abilities


You were on level 1 of the Dungeon.
You visited 1 branch of the dungeon, and saw 1 of its levels.


   Skills:
 - Level 3.0 Fighting
 * Level 3.0 Spellcasting
 * Level 3.0 Conjurations
 * Level 0.1 Fire Magic
 - Level 1.0 Invocations


You had 5 spell levels left.
You knew the following spells:

 Your Spells              Type           Power      Damage    Failure   Level
z - Foxfire               Conj/Fire      32%        2x1d5     13%         1

Your spell library contained the following spells:

 Spells                   Type           Power      Damage    Failure   Level
 Kiss of Death            Conj/Necr      20%        2d7       13%         1
 Momentum Strike          Conj/Tloc      10%        3d8       21%         2
 Freeze                   Ice            4%         1d3       24%         1
 Frozen Ramparts          Ice            2%         1d1       58%         3

Inventory:

Armour
 c - a +0 robe (worn)
Magical Staves
 a - a staff of fire (weapon)
Scrolls
 d - a scroll of teleportation {@r4}
Potions
 b - a potion of lignification {!q}
 f - a potion of mutation {unknown}

Dungeon Overview and Level Annotations

Branches:
Dungeon (1/15)

Altars:

# #.# #.#
#.# #.#
########.#
#........#
#.########
#h########
#@hl.....#
########.#
#.# #h#
#.# #l#
#.# #.#
#.#


You could see 2 jackals and a frilled lizard.


Message History

The jackal bites you. The jackal barely misses you.
The jackal closely misses you. x2
Your magical contamination has completely faded away.
You closely miss the jackal.
The jackal is almost dead.
The jackal barely misses you. The jackal bites you.
* * * LOW HITPOINT WARNING * * *
The jackal barely misses you. The jackal bites you.
* * * LOW HITPOINT WARNING * * *
You closely miss the jackal.
The jackal is almost dead.
The jackal closely misses you. The jackal bites you.
* * * LOW HITPOINT WARNING * * *
You closely miss the jackal.
The jackal is almost dead.
The jackal bites you.
* * * LOW HITPOINT WARNING * * *
The jackal bites you.
* * * LOW HITPOINT WARNING * * *
The jackal closely misses you. The jackal bites you.
* * * LOW HITPOINT WARNING * * *
You barely miss the jackal.
The jackal is almost dead.
The jackal bites you but does no damage. x2
The jackal barely misses you.
The jackal bites you but does no damage.
You hit the jackal.
The jackal is almost dead.
The jackal bites you.
You die...

Action                     || total
---------------------------++-------
  Melee: Staff             ||    10
   Cast: Foxfire           ||     1
 Armour: Robe              ||     6
  Dodge: Dodged            ||    20

Levels and vault maps discovered:
D:1:      spicycebolla_green_bress_n_ham, layout_loops_ring, minmay_3d_cube

Notes
Turn   | Place    | Note
-------+----------+-------------------------------------------
     0 | D:1      | Jeffwins the Human Wanderer began the quest for the Orb.
     0 | D:1      | Jeffwins set off with the following items: a +0 club, a
                  | potion of lignification {!q}, a +0 robe, a scroll of
                  | teleportation {@r4}; and the following spells available to
                  | memorise: Foxfire, Kiss of Death, Momentum Strike, Freeze,
                  | Frozen Ramparts.
     0 | D:1      | Reached XP level 1. HP: 18/18 MP: 4/4
    13 | D:1      | Learned a level 1 spell: Foxfire
   122 | D:1      | HP: 1/18 [jackal (3)]
   124 | D:1      | Slain by a jackal

Vanquished Creatures
  A jackal (D:1)
1 creature vanquished.

Table legend: (Time is in decaauts)
 A = Elapsed time spent in this place.
 B = Non-inter-level travel time spent in this place.
 C = Inter-level travel time spent in this place.
 D = Time resting spent in this place.
 E = Time spent auto-exploring this place.
 F = Levels seen in this place.
 G = Mean time per level.
                   A        B        C        D        E       F      G
               +--------+--------+--------+--------+--------+-----+--------+
         Total |    125 |    125 |      0 |      0 |     62 |   1 |  125.0 |
       Dungeon |    125 |    125 |      0 |      0 |     62 |   1 |  125.0 |
               +--------+--------+--------+--------+--------+-----+--------+

Top non-repeatable levels by time:
     D:1: 125 daAuts

Table legend:
 A = Non-vault XP
 B = Vault XP
 C = Vault XP percentage of total XP
 D = Non-vault monster count
 E = Vault monster count
 F = Vault count percentage of total count
                 A         B        C        D         E       F
            +---------+---------+-------+---------+---------+-------
      Total |       2 |       0 |   0.0 |       1 |       0 |   0.0
            +---------+---------+-------+---------+---------+-------
        D:1 |       2 |       0 |   0.0 |       1 |       0 |   0.0
            +---------+---------+-------+---------+---------+-------
